Description

I finded this build on youtube. :) Folow IndyStarCraft

VOD

https://youtu.be/hI6e2mwT87I

Build Order

Get SALT Encoding   

  14  0:18  Pylon  
  16  0:38  Gateway  
  17  0:47  Assimilator  
  19  1:24  Nexus  
  20  1:36  Cybernetics Core  
  21  1:46  Assimilator  
  22  1:55  Pylon  
  24  2:14  Stalker (Chrono Boost)  + warp gate
  27  2:30  Twilight Council  all probes to minerals (enough gas)
  29  2:40  Zealot  
  33  3:03  Robotics Facility  
  35  3:23  Gateway x2  + charge (chronobost)
  35  3:44  Gateway x2  (3:35), (3:35)
  37  3:50  Gateway x2  
  37  4:00  Pylon  
  37  4:10  Pylon  
  35  3:35  Gateway  
  35  3:43  Warp Prism (Chrono Boost)  
  38  4:15  Action  
  40  4:20  Pylon x2  warpin in base 3 zealot = warp prism go with 4 zealots
  40  4:40  Action  warpin on map, all gates
  40  5:00  Action  warpin on map, all gates
Spawning Tool Build Advisor. Get it on Overwolf

Go to:

Details

  • Created by: Krzysztof2003
  • Published on: Dec 02, 2018
  • Modified on: Jun 01, 2019
  • Patch: 4.7.1
Show
View Real Time Build Order
Export as new Build Order

Comments (0)

There are no comments. Be the first!

Create an account to comment!